 Dungeon Crawl Stone Soup version 0.29.0-5-ge4962eb29e (webtiles) character file.

Game seed: 2428441309207359266

16 sentinel the Digger (level 2, -6/20 HPs)
             Began as a Meteoran Earth Elementalist on Aug 28, 2022.
             Killed from afar by an orc wizard (9 damage)
             ... with a puff of flame
             ... on level 5 of the Dungeon.
             The game lasted 00:02:15 (267 turns).

sentinel the Digger (Meteoran Earth Elementalist)    Turns: 267, Time: 00:02:16

Health: -6/20      AC:  3    Str:  9    XL:     2   Next: 94%
Magic:  5/6        EV: 12    Int: 16    God:
Gold:   0          SH:  0    Dex: 14    Spells: 3/6 levels left

rFire   . . .      SeeInvis .   f - staff of poison {!a}
rCold   . . .      Faith    .   (no shield)
rNeg    . . .      Spirit   .   a - +0 robe
rPois   +          Reflect  .   g - +1 hat
rElec   .          Harm     .   (no cloak)
rCorr   .          Rampage  .   (no gloves)
Will    .....                   (no boots)
Stlth   +.........              (no amulet)
HPRegen 0.06/turn               (no ring)
MPRegen 0.10/turn               (no ring)

@: confused, lethally poisoned (-6 -> -11), glowing
A: sense surroundings 1, otherworldly, glowing, explore regen
a: no special abilities


You were on level 5 of the Dungeon.
You visited 1 branch of the dungeon, and saw 5 of its levels.

Inventory:

Hand Weapons
 d - the +8 dagger of Distraction {freeze, Dex+3}
   (You found it on level 2 of the Dungeon)

   It freezes those it strikes, dealing additional cold damage.
   It can also slow down cold-blooded creatures.
   Dex:       It affects your dexterity (+3).
Armour
 a - a +0 robe (worn)
 g - a +1 hat (worn)
Magical Staves
 f - a staff of poison (weapon) {!a}
Potions
 b - a potion of magic
 e - 2 potions of mutation {unknown}


   Skills:
 - Level 2.4 Dodging
 - Level 1.4 Stealth
 - Level 2.6 Spellcasting
 - Level 1.2 Transmutations
 + Level 4.6 Earth Magic


You had 3 spell levels left.
You knew the following spells:

 Your Spells              Type           Power      Damage    Failure   Level
a - Sandblast             Erth           34%        2d9       2%          1
c - Passwall              Tmut/Erth      9%         N/A       9%          2

Your spell library contained the following spells:

 Spells                   Type           Power      Damage    Failure   Level
 Stone Arrow              Conj/Erth      18%        3d8       22%         3
 Petrify                  Tmut/Erth      11%        N/A       50%         4


Dungeon Overview and Level Annotations

Branches:
Dungeon (5/15) Zot: 2724
 Temple: D:4-7

Altars:

Annotations:
D:3 2 runed translucent doors, mtsr's ghost, amateur GnWr
D:5 Grinder


Innate Abilities, Weirdness & Mutations

You passively map a small area around you.
You are easily found by Zot.
You glow in the dark.
You regain HP and MP as you explore.


Message History

The orc is heavily wounded.
The orc closely misses you. The orc hits you with a +0 mace.
The orc barely misses you. x2
The blast of sand hits the orc.
You kill the orc!
The orc misses you.
The blast of sand hits the orc!
You kill the orc!
You can't see any susceptible monsters within range! (Use Z to cast anyway.)
Things that are here:
a +0 war axe; a +0 ring mail; an orc corpse
Found a stone staircase leading down.
Found an embroidered hat.
There is a stone staircase leading down here.
You see here a +1 hat.
You start putting on your armour.
You continue putting on your +1 hat.
Magic restored.
You continue putting on your +1 hat. x3
You finish putting on your +1 hat.
Casting: Sandblast (safe; 2% risk of failure)
Confirm with . or Enter, or press ? or * to list all spells.
Aiming: Passwall (safe; 9% risk of failure)
Press: ? - help, Dir - move target You can't see that place.
You begin to meditate on the wall.
You continue meditating on the rock. x2
You finish merging with the rock.
Casting: Passwall (safe; 9% risk of failure)
Confirm with . or Enter, or press ? or * to list all spells.
Aiming: Passwall (safe; 9% risk of failure)
Press: ? - help, Dir - move target A rock wall.
You begin to meditate on the wall.
You continue meditating on the rock. x2
You finish merging with the rock.
You climb downwards.
There is a stone staircase leading up here.
You climb upwards.
There is a stone staircase leading down here.
Casting: Passwall (safe; 9% risk of failure)
Confirm with . or Enter, or press ? or * to list all spells.
Aiming: Passwall (safe; 9% risk of failure)
Press: ? - help, Dir - move target A rock wall.
You begin to meditate on the wall.
You continue meditating on the rock. x2
You finish merging with the rock.
Found a plate armour.
Found a stone staircase leading up.
There is a stone staircase leading up here.
You climb upwards.
Level annotation: 2 runed translucent doors, mtsr's ghost, amateur GnWr Magic restored.
Found 14 gold pieces.
There is a stone staircase leading down here.
You climb downwards.
There is a stone staircase leading up here.
Casting: Passwall (safe; 9% risk of failure)
Confirm with . or Enter, or press ? or * to list all spells.
Aiming: Passwall (safe; 9% risk of failure)
Press: ? - help, Dir - move target A rock wall.
You begin to meditate on the wall.
You continue meditating on the rock. x2
You finish merging with the rock.
There is a stone staircase leading down here.
You climb downwards.
There is a stone staircase leading up here.
Casting: Passwall (safe; 9% risk of failure)
Confirm with . or Enter, or press ? or * to list all spells.
Aiming: Passwall (safe; 9% risk of failure)
Press: ? - help, Dir - move target A rock wall.
This rock feels extremely deep.
Casting: Passwall (safe; 9% risk of failure)
Confirm with . or Enter, or press ? or * to list all spells.
Aiming: Passwall (safe; 9% risk of failure)
Press: ? - help, Dir - move target A rock wall.
You begin to meditate on the wall.
You continue meditating on the rock. x3
You finish merging with the rock.
Grinder comes into view.
Grinder gestures at you. You resist with significant effort.
An orc comes into view. It is wielding a +2 mace of protection.
The orc shouts!
You hear an angry hiss.
The orc moves out of view.
An orc wizard comes into view. It is wielding a +0 dagger.
An adder comes into view.
The adder hisses angrily.
The orc wizard shouts!
An orc wizard comes into view. It is wielding a +0 dagger.
The orc wizard shouts!
The orc wizard casts a spell at you. The magic dart hits you.
You hear a shout!
You aren't carrying any items that you can evoke.
Unknown command.
Okay, then.
The air fills with toxic fumes!
As you read the scroll labelled AFOKHA FAUR, it crumbles to dust.
It was a scroll of poison.
Okay, then.
You aren't carrying any scrolls.
Casting: Passwall (safe; 9% risk of failure)
Confirm with . or Enter, or press ? or * to list all spells.
You don't know that spell.
Casting: Passwall (safe; 9% risk of failure)
Confirm with . or Enter, or press ? or * to list all spells.
Aiming: Passwall (safe; 9% risk of failure)
Press: ? - help, Dir - move target You can't see that place. [a rock wall.]
Okay, then.
Casting: Passwall (safe; 9% risk of failure)
Confirm with . or Enter, or press ? or * to list all spells.
Aiming: Sandblast (safe; 2% risk of failure)
Press: ? - help, Shift-Dir - straight line, f - adder
Aim: an adder (70% to hit)
Okay, then.
Casting: Sandblast (safe; 2% risk of failure)
Confirm with . or Enter, or press ? or * to list all spells.
Aiming: Passwall (safe; 9% risk of failure)
Press: ? - help, Dir - move target, f - you Please select a wall.
Okay, then.
Okay, then.
Grinder gestures at you.
You suddenly lose the ability to move!
An orc wizard comes into view. It is wielding a +0 dagger.
Grinder gestures at you.
You shrug off the repeated paralysis!
You can move again.
Found a lumpy jasper amulet and a scroll labelled WUONAD URUGGUE.
The orc wizard casts a spell at you.
You are confused.
Grinder blinks!
The adder bites you.
The orc wizard gestures wildly while chanting.
The orc wizard flickers and vanishes!
Deactivating autopickup; reactivate with Ctrl-A.
The adder completely misses you.
The orc wizard gestures wildly while chanting.
The orc wizard flickers and vanishes!
Grinder gestures at you. Pain shoots through your body! The adder bites you.
You are poisoned.
The adder poisons you!
You feel sick. The adder bites you but does no damage. Something hits you.
* * * LOW HITPOINT WARNING * * *
The orc wizard hits you with a +0 dagger.
* * * LOW HITPOINT WARNING * * *
You hear some strange, mumbled words.
A puff of flame appears from out of thin air!
The puff of flame hits you!
You die...

##.#
#####☼.#######
*
#...§§5...<..#
#.###○######.#
* #.# ,# , #§#
, #§##### , *
###○§...## *
#o@S§....# *
#..{{§§##".# ,
, #....☼○#*
..?. *
#..§§☼☼○. ..#
........###,
## *, * ,
*###......# **
..#.#..# *
#..#. ..# * ,


You could see Grinder, an orc wizard and an adder.

Vanquished Creatures
  3 orcs (D:4)
  2 ball pythons
  A bat (D:3)
  A goblin (D:4)
  2 jackals (D:3)
  2 rats
11 creatures vanquished.

Notes
Turn   | Place    | Note
-------+----------+-------------------------------------------
     0 | D:1      | sentinel the Meteoran Earth Elementalist began the quest
                  | for the Orb.
     0 | D:1      | Reached XP level 1. HP: 14/14 MP: 5/5
    66 | D:2      | Identified the +8 dagger of Distraction {freeze, Dex+3}
    90 | D:3      | Found a large runed translucent door.
    90 | D:3      | Found a large runed translucent door.
    92 | D:3      | Noticed mtsr's ghost (amateur GnWr)
   125 | D:3      | Reached skill level 4 in Earth Magic
   128 | D:3      | Reached XP level 2. HP: 14/20 MP: 0/6
   140 | D:3      | Learned a level 2 spell: Passwall
   219 | D:5      | Entered Level 5 of the Dungeon
   249 | D:5      | Noticed Grinder
   262 | D:5      | Paralysed by Grinder for 2 turns
   267 | D:5      | Killed from afar by an orc wizard

Illustrated notes

Levels and vault maps discovered:
D:1:      nzn_arrival_depleted_hourglass, layout_loops_ring
D:2:      layout_rooms, hellmonk_ecumenical_altar_leap_of_faith, nrook_uturn
D:3:      layout_loops_cross, ebering_ghost_disaster_area, uniq_pargi
D:4:      layout_basic, serial_shops, nicolae_square_shop, uniq_menkaure,
          uniq_duvessa
D:5:      layout_loops_ring, uniq_eustachio, uniq_crazy_yiuf_cottage, uniq_ijyb,
          uniq_grinder

Skill      XL: |  1 |
---------------+----+-----
Earth Magic    | 4 |  4.6
Dodging        | |  2.4
Stealth        | |  1.4
Spellcasting   | |  2.6
Transmutations | |  1.2

Action                   || total
-------------------------++-------
 Cast: Sandblast         ||    17
       Passwall          ||     8
  Use: Scroll            ||     1
Armor: Robe              ||     7
Dodge: Dodged            ||    15
